AoeStats
← oslepov1

Arabia

509938388Analyzed
1v1 RM · 4d ago on Sep 28, 2026· 59m 16s· 2 players
Game mode
Random Map
Map size
Tiny (2 player)
Population
200
Speed
Normal
Resources
Standard
Victory
Conquest
Starting age
Dark Age
Ending age
Imperial Age
RankedLock teamsTeams togetherTeam positionsShared explorationLock speedFull tech treeHidden civsTurbo modeCheats
Victory
Defeat
🇹🇷 Britons · Türkiye
549
+15
🇬🇧 Lithuanians · United Kingdom
527
-27
oslepov1
10:43 Feudal Age
16:17 Castle Age
15:38 Scale Barding Armor
15:28 Double-Bit Axe
15:25 Horse Collar
17:59 Heavy Plow
18:12 Bow Saw
18:22 Loom
24:09 Bloodlines
23:59 Husbandry
29:55 Scale Barding Armor
30:14 Forging
37:51 Chain Barding Armor
38:07 Iron Casting
43:55 Imperial Age
44:29 Cavalier
49:44 Plate Barding Armor
52:43 Pikeman
53:25 Squires
veliuygun
8:46 Loom
11:14 Feudal Age
14:31 Gold Mining
15:54 Double-Bit Axe
21:53 Castle Age
20:48 Padded Archer Armor
22:13 Pikeman
23:38 Fletching
24:54 Squires
25:08 Crossbowman
29:53 Bodkin Arrow
29:59 Scale Mail Armor
30:05 Scale Mail Armor
30:22 Leather Archer Armor
31:23 Bow Saw
39:58 Imperial Age
39:15 Chain Mail Armor
39:12 Forging
41:51 Ballistics
45:14 Gold Shaft Mining
49:27 Halberdier
53:03 Ring Archer Armor
52:34 Bracer
Connection lost

Rejoining the realm…

Still unreachable

The connection could not be restored.

Session expired

The server has moved on; the page needs a fresh start.